[Event "African-ch Open 2019"]
[Site "Hammamet"]
[Date "2019.07.11"]
[Round "3.1"]
[White "Amin, Bassem"]
[Black "Bellahcene, Bilel"]
[Result "0-1"]
[ECO "A04"]
[WhiteElo "2707"]
[BlackElo "2541"]
[Annotator "RC"]
[PlyCount "158"]
[EventDate "2019.07.09"]
[EventType "swiss"]
[EventCountry "TUN"]
[TimeControl "5400+30"]

1. e4 e6 2. d3 c5 3. g3 Nc6 4. Bg2 g6 5. Nf3 Bg7 6. O-O Nge7 7. c3 O-O 8. Re1 e5 9. a3 d6 10. b4 a6 11. Nbd2 Be6 12. Rb1 h6 13. Nf1 cxb4 14. axb4 d5 15. Ne3 d4 16. cxd4 exd4 17. Nc4 b5 18. Ncd2 a5 19. bxa5 Qxa5 20. h4 Rfd8 21. Nb3 Qb6 22. Bf4 Ra3 23. Re2 b4 24. Reb2 Kh7 25. Ne1 Qb5 26. Nc2 Ra4 27. Nc1 Ng8 28. h5 g5 29. Bd2 Bf8 30. f4 gxf4 31. gxf4 f5 32. e5 Rd7 33. Kf2 Rg7 34. Qh1 Nxe5 35. fxe5 Qxe5 36. Ne2 b3 37. Ne1 Ba3 38. Rxb3 Bxb3 39. Rxb3 Nf6 40. Bh3 Bc5 41. Bf4 Qe6 42. Rb7 Ra2 43. Rxg7+ Kxg7 44. Qg2+ Kh8 45. Kf1 Nxh5 46. Bh2 Bb4 47. Qf2 Bxe1 48. Qxd4+ Kg8 49. Qe5 Qxe5 50. Bxe5 Ra5 51. d4 Ra1 52. Kg2 Ra2 53. Kf1 Ra1 54. Kg2 Ng7 55. Nf4 Ra2+ 56. Kf3 Ra3+ 57. Ke2 Bg3 58. Bg2 Bxf4 59. Bd5+ Kh7 60. Bxf4 Nh5 61. Bd6 Rh3 62. Be5 Kg6 63. Bf3 Kg5 64. Kf2 Nf4 65. Bd6 h5 66. d5 Rxf3+ 67. Kxf3 Nxd5 68. Bg3 f4 69. Bh2 Kf5 70. Bg1 Ne7 71. Bb6 Ng6 72. Bc7 Nh4+ 73. Kf2 Kg4 74. Be5 Nf3 75. Bc7 h4 76. Kg2 Nd2 77. Bb6 Ne4 78. Bc7 f3+ 79. Kg1 f2+ 0-1

[Event "African-ch Open 2019"]
[Site "Hammamet"]
[Date "2019.07.12"]
[Round "4.1"]
[White "Adly, Ahmed"]
[Black "Bellahcene, Bilel"]
[Result "1-0"]
[ECO "E05"]
[WhiteElo "2618"]
[BlackElo "2541"]
[Annotator "ChessBase"]
[PlyCount "90"]
[EventDate "2019.07.09"]
[EventType "swiss"]
[EventCountry "TUN"]
[SourceTitle "playchess.com"]
[Source "ChessBase"]
[SourceQuality "1"]
[TimeControl "5400+30"]

1. d4 e6 2. g3 Nf6 3. Bg2 d5 4. Nf3 Be7 5. O-O O-O 6. c4 dxc4 7. Ne5 Nc6 8. Bxc6 bxc6 9. Nxc6 Qe8 10. Nxe7+ Qxe7 11. Qc2 e5 12. dxe5 Qxe5 13. Bf4 Qe6 14. Nc3 Bb7 15. Rad1 Rad8 16. Rxd8 Rxd8 17. Rd1 Rd7 18. Rxd7 Nxd7 19. Qd2 h6 20. Qe3 Qb6 21. Qe8+ Nf8 22. Bc1 a6 23. h4 f5 24. Kf1 Qc6 25. Qxc6 Bxc6 26. Ke1 Ne6 27. Be3 g5 28. hxg5 hxg5 29. f3 Kf7 30. Kd2 Ke7 31. Nb1 Kd6 32. Kc3 Bb5 33. Nd2 Kd5 34. Nb1 c5 35. Kd2 Bc6 36. Nc3+ Kd6 37. Bg1 Ke5 38. Nd1 Bb5 39. Be3 Kd5 40. Ke1 Kd6 41. Bd2 f4 42. g4 Bc6 43. Ba5 Ke5 44. Kd2 Kf6 45. Nf2 Ke5 1-0

[Event "African-ch Open 2019"]
[Site "Hammamet"]
[Date "2019.07.12"]
[Round "4.2"]
[White "Kayonde, Andrew"]
[Black "Rakotomaharo, Fy Antenaina"]
[Result "1/2-1/2"]
[ECO "A47"]
[WhiteElo "2382"]
[BlackElo "2419"]
[Annotator "ChessBase"]
[PlyCount "94"]
[EventDate "2019.07.09"]
[EventType "swiss"]
[EventCountry "TUN"]
[SourceTitle "playchess.com"]
[Source "ChessBase"]
[SourceQuality "1"]
[TimeControl "5400+30"]

1. d4 e6 2. Bf4 Nf6 3. e3 b6 4. Nf3 Bb7 5. Bd3 Bd6 6. Bg3 Bxg3 7. hxg3 d6 8. Nbd2 Nbd7 9. c3 Qe7 10. Qe2 a6 11. e4 e5 12. d5 Nc5 13. b4 Nxd3+ 14. Qxd3 a5 15. O-O O-O 16. a3 g6 17. c4 Ng4 18. Rfe1 f5 19. Rac1 axb4 20. axb4 Ra4 21. Ra1 Qd7 22. b5 Rxa1 23. Rxa1 Qg7 24. Ra7 Bc8 25. c5 Qh6 26. Nf1 fxe4 27. Qxe4 Qh1+ 28. Kxh1 Nxf2+ 29. Kh2 Nxe4 30. Rxc7 Nxc5 31. Ne3 Bd7 32. Nc4 Rf6 33. Rc6 Bxc6 34. dxc6 Ne6 35. Nxb6 Nc7 36. Nd7 Rxf3 37. gxf3 Nxb5 38. Nf6+ Kf7 39. Nxh7 d5 40. Kg2 Nc7 41. Kf2 Ke7 42. Ke3 Ne6 43. f4 exf4+ 44. gxf4 Kd6 45. Nf6 Kxc6 46. Ng4 Kd6 47. Ne5 Nf8 1/2-1/2

[Event "African-ch Open 2019"]
[Site "Hammamet"]
[Date "2019.07.12"]
[Round "4.5"]
[White "Degondo, Simplice Armel"]
[Black "Arab, Adlane"]
[Result "0-1"]
[ECO "B61"]
[WhiteElo "2115"]
[BlackElo "2479"]
[Annotator "ChessBase"]
[PlyCount "98"]
[EventDate "2019.07.09"]
[EventType "swiss"]
[EventCountry "TUN"]
[SourceTitle "playchess.com"]
[Source "ChessBase"]
[SourceQuality "1"]
[TimeControl "5400+30"]

1. e4 c5 2. Nf3 Nc6 3. d4 cxd4 4. Nxd4 Nf6 5. Nc3 d6 6. Bg5 Bd7 7. Qd2 Rc8 8. f3 h6 9. Be3 a6 10. O-O-O Nxd4 11. Bxd4 e5 12. Be3 Be7 13. g4 Qc7 14. h4 Be6 15. g5 hxg5 16. hxg5 Rxh1 17. gxf6 Rxf1 18. Rxf1 Bxf6 19. Rd1 Be7 20. Bg5 Bf8 21. f4 f6 22. f5 Bf7 23. Be3 Qc4 24. Qd3 Qxd3 25. Rxd3 g6 26. b3 gxf5 27. exf5 Be7 28. Kd2 b5 29. Nd5 Bxd5 30. Rxd5 Kd7 31. Kd3 Kc6 32. c4 Rh8 33. a4 bxc4+ 34. bxc4 Bd8 35. a5 Rh5 36. Ke4 Rh4+ 37. Kd3 Bc7 38. Bb6 Bxb6 39. axb6 Rd4+ 40. Rxd4 exd4 41. Kxd4 a5 42. b7 Kxb7 43. Kd5 a4 44. Kxd6 a3 45. Kd7 a2 46. c5 a1=Q 47. c6+ Kb6 48. c7 Qd4+ 49. Kc8 Qd5 0-1

[Event "African-ch Open 2019"]
[Site "Hammamet"]
[Date "2019.07.13"]
[Round "5.2"]
[White "Hamdouchi, Hicham"]
[Black "Fawzy, Adham"]
[Result "0-1"]
[ECO "B23"]
[WhiteElo "2575"]
[BlackElo "2476"]
[Annotator "ChessBase"]
[PlyCount "104"]
[EventDate "2019.07.09"]
[EventType "swiss"]
[EventCountry "TUN"]
[SourceTitle "playchess.com"]
[Source "ChessBase"]
[SourceQuality "1"]
[TimeControl "5400+30"]

1. e4 c5 2. Nc3 Nc6 3. Bb5 Nd4 4. Bc4 a6 5. Nf3 b5 6. Bd5 Rb8 7. Nxd4 cxd4 8. Ne2 Nf6 9. Nxd4 e6 10. Bb3 Nxe4 11. O-O Bd6 12. Qg4 Nf6 13. Qh3 h5 14. Nf3 Bb7 15. d4 Qc7 16. Ne5 Bxe5 17. dxe5 Qxe5 18. Bd2 Ne4 19. Rae1 Qxb2 20. Bb4 Qe5 21. Qd3 a5 22. Bxa5 Qc5 23. c3 Qc6 24. Bb4 d6 25. f3 Nc5 26. Qd4 O-O 27. Bc2 Qd5 28. Qf2 Qg5 29. Rd1 Bd5 30. Bb1 f5 31. Bxc5 dxc5 32. Qxc5 Rbc8 33. Qd4 Bxf3 34. Qd2 Qxd2 35. Rxd2 Bb7 36. Bc2 Rxc3 37. Bb3 Rf6 38. Re1 Be4 39. Kf2 Rg6 40. Rg1 Kh7 41. Rd8 h4 42. Re8 Rd3 43. Bxe6 Rd2+ 44. Ke3 Rgxg2 45. Rxg2 Rxg2 46. Kf4 Kg6 47. h3 Kf6 48. Bc8 Rf2+ 49. Ke3 Rf3+ 50. Kd4 Rd3+ 51. Kc5 Rxh3 52. Kxb5 Rh1 0-1

[Event "African-ch Open 2019"]
[Site "Hammamet"]
[Date "2019.07.13"]
[Round "5.3"]
[White "Bellahcene, Bilel"]
[Black "Kayonde, Andrew"]
[Result "1-0"]
[ECO "B13"]
[WhiteElo "2541"]
[BlackElo "2382"]
[Annotator "ChessBase"]
[PlyCount "137"]
[EventDate "2019.07.09"]
[EventType "swiss"]
[EventCountry "TUN"]
[SourceTitle "playchess.com"]
[Source "ChessBase"]
[SourceQuality "1"]
[TimeControl "5400+30"]

1. e4 c6 2. d4 d5 3. exd5 cxd5 4. Nf3 Nf6 5. Ne5 g6 6. Bb5+ Nbd7 7. O-O Bg7 8. Re1 O-O 9. Nf3 a6 10. Bf1 Nb8 11. c3 Bg4 12. Nbd2 Nc6 13. h3 Bxf3 14. Nxf3 Qc7 15. g3 e6 16. Bf4 Qd7 17. Bd3 b5 18. Qe2 Qb7 19. a3 Rfe8 20. Kh2 Nd7 21. Rad1 f6 22. Bb1 Na5 23. Bc1 Nc4 24. h4 a5 25. h5 g5 26. Nd2 Nxd2 27. Bxd2 Bh6 28. Qd3 Nf8 29. Re2 Qf7 30. Qf3 f5 31. g4 f4 32. Qd3 Rab8 33. b3 Nd7 34. Rde1 Rb7 35. f3 Nb6 36. Qxb5 a4 37. Bf5 Nc4 38. Qxa4 Ne3 39. Bb1 Bf8 40. b4 Bd6 41. Kh3 Rf8 42. Qb3 Qe8 43. Bd3 Rf6 44. Bxe3 fxe3 45. Rxe3 Rbf7 46. Kg2 Bf4 47. Qxd5 Bxe3 48. Rxe3 exd5 49. Rxe8+ Kg7 50. Be2 Ra7 51. Re5 h6 52. Rxd5 Rxa3 53. c4 Re6 54. Kf2 Rb3 55. b5 Rc3 56. Rf5 Rce3 57. Re5 R3xe5 58. dxe5 Rxe5 59. Bd3 Kf6 60. Be4 Ke6 61. Ke3 Kd6 62. Kd4 Rc5 63. b6 Ra5 64. b7 Kc7 65. Bd5 Ra6 66. Ke5 Rb6 67. Kf5 Ra6 68. f4 gxf4 69. g5 1-0

[Event "African-ch Open 2019"]
[Site "Hammamet"]
[Date "2019.07.13"]
[Round "5.4"]
[White "Arab, Adlane"]
[Black "Hbacha, Achraf"]
[Result "1-0"]
[ECO "A90"]
[WhiteElo "2479"]
[BlackElo "2249"]
[Annotator "ChessBase"]
[PlyCount "155"]
[EventDate "2019.07.09"]
[EventType "swiss"]
[EventCountry "TUN"]
[SourceTitle "playchess.com"]
[Source "ChessBase"]
[SourceQuality "1"]
[TimeControl "5400+30"]

1. d4 d5 2. c4 e6 3. Nf3 c6 4. g3 f5 5. Bg2 Nf6 6. O-O Bd6 7. b3 Qe7 8. Bb2 Nbd7 9. Qc1 O-O 10. Ba3 e5 11. dxe5 Nxe5 12. Nxe5 Qxe5 13. Bxd6 Qxd6 14. cxd5 Nxd5 15. e3 Be6 16. Nd2 Rad8 17. Rd1 Rf7 18. Nc4 Qc7 19. Qb2 Rfd7 20. Ne5 Rd6 21. Nf3 Nf6 22. Rxd6 Qxd6 23. Rc1 Ne4 24. Nd4 Qe5 25. Qa3 Bd5 26. b4 a6 27. Qb2 Ng5 28. Bxd5+ Qxd5 29. Qb3 Qxb3 30. Nxb3 Ne6 31. Kf1 Kf7 32. Ke2 Ke7 33. Na5 Rd7 34. Rc4 Rc7 35. Nb3 Kd6 36. Nc5 b6 37. Nxe6 Kxe6 38. Kd3 Kd5 39. Rd4+ Ke6 40. Rd8 c5 41. Ra8 cxb4 42. Rxa6 Rc6 43. h4 Kd5 44. f3 Rg6 45. h5 Rxg3 46. Rxb6 Kc5 47. Rb7 Rg2 48. Ra7 Rh2 49. Ra5+ Kd6 50. Rxf5 Rxa2 51. Rf7 Rg2 52. Rb7 Kc5 53. f4 Rg3 54. h6 gxh6 55. Rxh7 Rg6 56. f5 Rb6 57. e4 b3 58. Rc7+ Kd6 59. Rc1 b2 60. Rb1 Ke5 61. Ke3 h5 62. Kf3 Rb3+ 63. Kg2 Rb6 64. Kg3 Rb4 65. Kh3 Kf6 66. Kg3 Kg5 67. Kh2 Rb3 68. Rg1+ Kf4 69. Rb1 Ke5 70. Kg2 Rb8 71. Kf3 Kd4 72. Kf4 Kc3 73. e5 Kd4 74. f6 Kd5 75. Kf5 h4 76. e6 Kd6 77. Rd1+ Kc7 78. e7 1-0

[Event "African-ch Open 2019"]
[Site "Hammamet"]
[Date "2019.07.13"]
[Round "5.5"]
[White "Rakotomaharo, Fy Antenaina"]
[Black "Solomon, Kenny"]
[Result "1/2-1/2"]
[ECO "B51"]
[WhiteElo "2419"]
[BlackElo "2375"]
[Annotator "NA"]
[PlyCount "126"]
[EventDate "2019.07.09"]
[EventType "swiss"]
[EventCountry "TUN"]
[SourceTitle "playchess.com"]
[Source "ChessBase"]
[SourceQuality "1"]
[TimeControl "5400+30"]

1. e4 c5 2. Nf3 d6 3. Bb5+ Nd7 4. c3 Ngf6 5. Bd3 g6 6. Bc2 Bg7 7. d4 O-O 8. O-O b6 9. Re1 Bb7 10. Bg5 h6 11. Bh4 e5 12. Na3 exd4 13. cxd4 cxd4 14. Nxd4 a6 15. Nb1 Re8 16. Nc3 b5 17. Qd2 Qb6 18. Rad1 Rac8 19. f3 Ne5 20. Bf2 Nc4 21. Qc1 Qc7 22. Nce2 d5 23. b3 Ne5 24. f4 Neg4 25. e5 Ne4 26. Bxe4 dxe4 27. Qxc7 Rxc7 28. Ng3 e3 29. Bxe3 Nxe3 30. Rxe3 Rd7 31. Red3 Red8 32. Kf2 Bf8 33. Ke3 Bxg2 34. Ne4 Bxe4 35. Kxe4 f5+ 36. exf6 Re8+ 37. Kf3 Rd6 38. Ne2 Rxf6 39. Ng3 h5 40. Rd8 Rxd8 41. Rxd8 Rc6 42. Ne4 Kf7 43. Ng5+ Ke7 44. Ra8 Bh6 45. Ra7+ Ke8 46. h4 Bf8 47. Ra8+ Ke7 48. Ke4 b4 49. Nf3 Bh6 50. Ra7+ Ke8 51. Rh7 Bf8 52. Ne5 Rf6 53. Rh8 Rd6 54. Rg8 Rd2 55. Nxg6 Kf7 56. Rxf8+ Kxg6 57. Rb8 Re2+ 58. Kf3 Rxa2 59. Rxb4 Rb2 60. Ke4 Re2+ 61. Kd3 Rh2 62. Rb6+ Kf5 63. Rxa6 Rh3+ {[%emt 0:00:13] Ke4+ Ke5+} 1/2-1/2

[Event "African-ch Open 2019"]
[Site "Hammamet"]
[Date "2019.07.14"]
[Round "6.2"]
[White "Adly, Ahmed"]
[Black "Arab, Adlane"]
[Result "1-0"]
[ECO "A46"]
[WhiteElo "2618"]
[BlackElo "2479"]
[Annotator "ChessBase"]
[PlyCount "77"]
[EventDate "2019.07.09"]
[EventType "swiss"]
[EventCountry "TUN"]
[SourceTitle "playchess.com"]
[Source "ChessBase"]
[SourceQuality "1"]
[TimeControl "5400+30"]

1. d4 d5 2. g3 Nf6 3. Bg2 e6 4. Nf3 Be7 5. O-O b5 6. a4 b4 7. c4 bxc3 8. Nxc3 O-O 9. Ne5 Nfd7 10. e4 Nxe5 11. exd5 Ba6 12. d6 cxd6 13. Bxa8 Bxf1 14. Qxf1 Nbc6 15. Bxc6 Nxc6 16. d5 Nb4 17. Qc4 Nxd5 18. Nxd5 exd5 19. Qxd5 Qa8 20. Qxa8 Rxa8 21. Be3 Bf6 22. Rd1 Bxb2 23. Rxd6 a5 24. Bd2 Bf6 25. Kf1 Kf8 26. Rb6 Ke8 27. Rb5 Bd8 28. Ke2 Ra6 29. Rd5 Bc7 30. Kd3 Ke7 31. Kc4 Rc6+ 32. Kb5 Rb6+ 33. Kc5 Ra6 34. Be3 Bd8 35. Kb5 Re6 36. Bg5+ f6 37. Be3 g6 38. Bc5+ Ke8 39. Rd3 1-0

[Event "African-ch Open 2019"]
[Site "Hammamet"]
[Date "2019.07.14"]
[Round "6.3"]
[White "Bellahcene, Bilel"]
[Black "Oussedik, Mahfoud"]
[Result "1-0"]
[ECO "B90"]
[WhiteElo "2541"]
[BlackElo "2440"]
[Annotator "ChessBase"]
[PlyCount "95"]
[EventDate "2019.07.09"]
[EventType "swiss"]
[EventCountry "TUN"]
[SourceTitle "playchess.com"]
[Source "ChessBase"]
[SourceQuality "1"]
[TimeControl "5400+30"]

1. e4 c5 2. Nf3 d6 3. d4 cxd4 4. Nxd4 Nf6 5. Nc3 a6 6. h4 Nc6 7. Bg5 Qb6 8. Nb3 e6 9. Be3 Qc7 10. g4 h6 11. Bg2 Ne5 12. g5 hxg5 13. hxg5 Rxh1+ 14. Bxh1 Nfd7 15. Nd2 Nb6 16. Qe2 Nbc4 17. O-O-O Nxd2 18. Bxd2 b5 19. f4 Nc4 20. f5 b4 21. Nb1 Rb8 22. Bf4 e5 23. Bg3 Be7 24. Bh4 Bd7 25. Qh5 Rc8 26. g6 f6 27. Qh8+ Bf8 28. Qg8 Bb5 29. c3 Nb6 30. Qe6+ Kd8 31. Qxe5 Be7 32. Qd4 bxc3 33. Nxc3 Na4 34. Be1 Qa5 35. Kb1 Bc4 36. Nxa4 Qxa4 37. b3 Rb8 38. Bc3 Qb5 39. Bb2 Bg8 40. Bf3 a5 41. Qd3 Kd7 42. Qxb5+ Rxb5 43. Be2 Rb4 44. Bd3 Bd8 45. Rh1 d5 46. e5 fxe5 47. Bc3 Rg4 48. Bxe5 1-0

[Event "African-ch Open 2019"]
[Site "Hammamet"]
[Date "2019.07.14"]
[Round "6.4"]
[White "Munenga, Douglas D"]
[Black "Rakotomaharo, Fy Antenaina"]
[Result "0-1"]
[ECO "C76"]
[WhiteElo "2329"]
[BlackElo "2419"]
[Annotator "ChessBase"]
[PlyCount "134"]
[EventDate "2019.07.09"]
[EventType "swiss"]
[EventCountry "TUN"]
[SourceTitle "playchess.com"]
[Source "ChessBase"]
[SourceQuality "1"]
[TimeControl "5400+30"]

1. e4 e5 2. Nf3 Nc6 3. Bb5 a6 4. Ba4 d6 5. c3 Bd7 6. d4 g6 7. Bg5 f6 8. Be3 Nh6 9. h3 Nf7 10. d5 Ne7 11. Bxd7+ Qxd7 12. c4 Bg7 13. Nc3 O-O 14. Qd3 f5 15. Bg5 Nc8 16. Bd2 c5 17. dxc6 bxc6 18. Rd1 fxe4 19. Qxe4 Ne7 20. Bc1 Rad8 21. O-O d5 22. cxd5 cxd5 23. Qb4 h6 24. Rfe1 Rfe8 25. Qh4 Qc6 26. Qa4 Qxa4 27. Nxa4 Nc6 28. Nc3 e4 29. Nh2 Nb4 30. Na4 Nd3 31. Re2 Rc8 32. Bd2 Rc2 33. Kf1 Bxb2 34. f3 Bg7 35. fxe4 dxe4 36. Be3 Rec8 37. Ng4 h5 38. Nf2 Nxf2 39. Rxf2 Ne5 40. Rxc2 Rxc2 41. Nc5 Rxa2 42. Nxe4 Nf7 43. Rd7 a5 44. Bd4 Bxd4 45. Rxd4 Ne5 46. Rd5 Nf7 47. Ng5 h4 48. Nxf7 Kxf7 49. Rd4 g5 50. Rd5 Kf6 51. Rb5 a4 52. Ra5 a3 53. Kg1 Ke6 54. Kf1 Kd6 55. Kg1 Kc6 56. Kf1 Kb6 57. Ra8 Kc5 58. Rc8+ Kb4 59. Rb8+ Kc3 60. Rc8+ Kb3 61. Rb8+ Kc2 62. Rc8+ Kb1 63. Ra8 Ra1 64. Kf2 Ka2 65. g3 Rc1 66. gxh4 gxh4 67. Kf3 Rg1 0-1

[Event "African-ch Open 2019"]
[Site "Hammamet"]
[Date "2019.07.14"]
[Round "6.5"]
[White "Douissa, Oussama"]
[Black "Hamdouchi, Hicham"]
[Result "1/2-1/2"]
[ECO "D76"]
[WhiteElo "2248"]
[BlackElo "2575"]
[Annotator "ChessBase"]
[PlyCount "111"]
[EventDate "2019.07.09"]
[EventType "swiss"]
[EventCountry "TUN"]
[SourceTitle "playchess.com"]
[Source "ChessBase"]
[SourceQuality "1"]
[TimeControl "5400+30"]

1. d4 Nf6 2. Nf3 g6 3. g3 Bg7 4. Bg2 O-O 5. O-O d5 6. c4 Nc6 7. cxd5 Nxd5 8. Nc3 Nb6 9. d5 Na5 10. Nd4 c6 11. Nb3 Nxd5 12. Nxd5 cxd5 13. Nxa5 Qxa5 14. Qxd5 Qa6 15. Bf3 Be6 16. Qxb7 Qxb7 17. Bxb7 Rab8 18. Bf3 a5 19. a4 Rfc8 20. Bd2 Bxb2 21. Rab1 Ba2 22. Rbe1 Rc5 23. e4 Rd8 24. Be3 Bd4 25. Ra1 Bb3 26. Ra3 Bc2 27. Bxd4 Rxd4 28. Rc1 e5 29. Be2 Rd2 30. Kf1 Rd7 31. Ke1 Rdc7 32. f3 f5 33. exf5 gxf5 34. Bd3 Kf7 35. Kd2 Bxd3 36. Rxc5 Rxc5 37. Kxd3 Ke6 38. Rb3 Kd5 39. Rb7 e4+ 40. fxe4+ fxe4+ 41. Ke3 Rc3+ 42. Ke2 Ra3 43. Rxh7 Rxa4 44. Rd7+ Ke6 45. Ra7 Ra3 46. h4 a4 47. h5 Kf5 48. Rg7 Ra1 49. h6 Rh1 50. Ra7 Rxh6 51. Rxa4 Rb6 52. Ra5+ Kg4 53. Ke3 Re6 54. Ra4 Kxg3 55. Rxe4 Rxe4+ 56. Kxe4 1/2-1/2

[Event "African-ch Open 2019"]
[Site "Hammamet"]
[Date "2019.07.16"]
[Round "7.4"]
[White "Arab, Adlane"]
[Black "Hamdouchi, Hicham"]
[Result "1-0"]
[ECO "A41"]
[WhiteElo "2479"]
[BlackElo "2575"]
[Annotator "ChessBase"]
[PlyCount "75"]
[EventDate "2019.07.09"]
[EventType "swiss"]
[EventCountry "TUN"]
[TimeControl "5400+30"]

1. d4 d6 2. Nf3 g6 3. c4 Bg7 4. Nc3 Nc6 5. h3 e5 6. Bg5 f6 7. Bh4 g5 8. Bg3 exd4 9. Nxd4 f5 10. Nxc6 bxc6 11. e3 Rb8 12. Qd2 Nf6 13. Be2 O-O 14. Rb1 Qe7 15. O-O g4 16. f4 Re8 17. Bf2 Kh8 18. hxg4 fxg4 19. e4 Nxe4 20. Nxe4 Qxe4 21. Bd3 Qe7 22. Rfe1 Qf7 23. Rxe8+ Qxe8 24. Bxa7 Ra8 25. Re1 Qg8 26. Bf2 Be6 27. b3 Bf6 28. g3 Qf7 29. a4 d5 30. f5 Bd7 31. c5 Rb8 32. b4 d4 33. Re4 Bxf5 34. Rf4 Bxd3 35. Qxd3 Rxb4 36. Qf5 Kg7 37. Rxg4+ Kf8 38. Qc8+ 1-0

[Event "African-ch Open 2019"]
[Site "Hammamet"]
[Date "2019.07.16"]
[Round "7.5"]
[White "Oussedik, Mahfoud"]
[Black "Solomon, Kenny"]
[Result "0-1"]
[ECO "E92"]
[WhiteElo "2440"]
[BlackElo "2375"]
[Annotator "ChessBase"]
[PlyCount "86"]
[EventDate "2019.07.09"]
[EventType "swiss"]
[EventCountry "TUN"]
[TimeControl "5400+30"]

1. d4 Nf6 2. c4 c5 3. d5 g6 4. Nc3 d6 5. e4 Bg7 6. Be2 O-O 7. Nf3 e5 8. O-O Ne8 9. Ne1 f5 10. f3 Nd7 11. Nd3 f4 12. a3 Ndf6 13. b4 b6 14. bxc5 bxc5 15. Rb1 Nh5 16. Nf2 Bf6 17. Bd2 Bh4 18. Be1 Neg7 19. Nh1 Bxe1 20. Qxe1 g5 21. Qd2 Nf6 22. g4 fxg3 23. hxg3 Nfh5 24. Rf2 Qf6 25. Rh2 Qg6 26. Nf2 Nxg3 27. Rg2 Nxe2+ 28. Nxe2 h6 29. Rb3 Ba6 30. Qc3 Rf7 31. Ng4 Raf8 32. Nh2 Nh5 33. Rf2 Kh7 34. Rg2 Bc8 35. Rb8 Bh3 36. Rxf8 Rxf8 37. Rf2 Rf7 38. Qd3 Rg7 39. Qb1 Rf7 40. Qb8 Qf6 41. Nf1 g4 42. Nfg3 Nxg3 43. Nxg3 gxf3 0-1

[Event "African-ch Open 2019"]
[Site "Hammamet"]
[Date "2019.07.16"]
[Round "8.3"]
[White "Solomon, Kenny"]
[Black "Bellahcene, Bilel"]
[Result "0-1"]
[ECO "E14"]
[WhiteElo "2375"]
[BlackElo "2541"]
[Annotator "RC"]
[PlyCount "58"]
[EventDate "2019.07.09"]
[EventType "swiss"]
[EventCountry "TUN"]
[SourceTitle "playchess.com"]
[Source "ChessBase"]
[SourceQuality "1"]
[TimeControl "5400+30"]

1. d4 Nf6 2. c4 e6 3. Nf3 Bb4+ 4. Nbd2 b6 5. e3 Bb7 6. Bd3 O-O 7. O-O d5 8. a3 Bxd2 9. Bxd2 Nbd7 10. Rc1 dxc4 11. Bxc4 Ne4 12. Bb4 c5 13. dxc5 bxc5 14. Be1 Qe7 15. Ba5 Rab8 16. b4 Nb6 17. Be2 Rfd8 18. Qe1 Rdc8 19. Nd2 Qg5 20. Nf3 Qf6 21. bxc5 Na4 22. c6 Rxc6 23. Qb4 Nec3 24. Rce1 e5 25. Kh1 Rcc8 26. Qg4 Nxe2 27. Rxe2 Ba6 28. Ree1 Bxf1 29. Rxf1 Qa6 0-1

[Event "African-ch Open 2019"]
[Site "Hammamet"]
[Date "2019.07.16"]
[Round "8.4"]
[White "El Gindy, Essam"]
[Black "Kayonde, Andrew"]
[Result "1-0"]
[ECO "B18"]
[WhiteElo "2423"]
[BlackElo "2382"]
[Annotator "NA"]
[PlyCount "77"]
[EventDate "2019.07.09"]
[EventType "swiss"]
[EventCountry "TUN"]
[SourceTitle "playchess.com"]
[Source "ChessBase"]
[SourceQuality "1"]
[TimeControl "5400+30"]

1. e4 c6 2. d4 d5 3. Nc3 dxe4 4. Nxe4 Bf5 5. Ng3 Bg6 6. h4 h6 7. Nh3 e6 8. Nf4 Bh7 9. c3 Nf6 10. Bc4 Bd6 11. Ngh5 O-O 12. g4 Nxh5 13. Nxh5 Be4 14. f3 Bg6 15. Nf4 Bh7 16. Be3 Nd7 17. Qd2 e5 18. Ne2 exd4 19. cxd4 Nb6 20. Bb3 Qe7 21. Kf2 c5 22. dxc5 Bxc5 23. Bxc5 Qxc5+ 24. Qe3 Qxe3+ 25. Kxe3 Rfe8+ 26. Kf2 Bd3 27. Nf4 Bc4 28. Bxc4 Nxc4 29. b3 Ne5 30. h5 a5 31. Rhd1 a4 32. Nd5 Ra5 33. b4 Ra7 34. Rac1 b5 35. Rc5 Rd7 36. Kg3 Kf8 37. Re1 Rb7 38. Nc7 Re7 39. Nxb5 1-0

[Event "African-ch Open 2019"]
[Site "Hammamet"]
[Date "2019.07.17"]
[Round "9.3"]
[White "Bellahcene, Bilel"]
[Black "El Gindy, Essam"]
[Result "0-1"]
[ECO "B33"]
[WhiteElo "2541"]
[BlackElo "2423"]
[Annotator "ChessBase"]
[PlyCount "194"]
[EventDate "2019.07.09"]
[EventType "swiss"]
[EventCountry "TUN"]
[SourceTitle "playchess.com"]
[Source "ChessBase"]
[SourceQuality "1"]
[TimeControl "5400+30"]

1. e4 c5 2. Nf3 Nc6 3. d4 cxd4 4. Nxd4 Qb6 5. Nb3 Nf6 6. Nc3 e6 7. Be3 Qc7 8. Qe2 Bb4 9. Bd2 O-O 10. Nb5 Qe5 11. c3 Be7 12. f3 a6 13. N5d4 d5 14. exd5 Qxd5 15. Nxc6 Qxc6 16. g3 e5 17. Bg2 Re8 18. O-O Be6 19. Rfe1 Bxb3 20. axb3 Qb6+ 21. Be3 Qxb3 22. Bf2 Bf8 23. Ra5 Rad8 24. Rc1 h6 25. h4 Bd6 26. Qc2 Qxc2 27. Rxc2 Bc7 28. Ra1 Rd3 29. Re1 Red8 30. Rce2 Rd2 31. Kf1 R2d3 32. Re3 R3d7 33. Bh3 Rd2 34. R3e2 a5 35. Bf5 b6 36. Rxd2 Rxd2 37. Re2 Rd1+ 38. Re1 Rxe1+ 39. Kxe1 Ne8 40. Be4 Kf8 41. Ke2 Ke7 42. g4 Nf6 43. Bb7 h5 44. gxh5 Nxh5 45. Kd3 b5 46. b4 Nf4+ 47. Kc2 axb4 48. cxb4 Bd6 49. Bc6 Bxb4 50. Bxb5 Kf6 51. Bc4 g6 52. Kd1 Bc3 53. Be3 Nh5 54. Ke2 Ng3+ 55. Kd3 Be1 56. Bb6 Nf5 57. Bd8+ Kg7 58. Bc7 f6 59. h5 gxh5 60. f4 exf4 61. Bxf4 Kg6 62. Ke4 Bh4 63. Bd3 Ng7 64. Kf3+ f5 65. Bb5 Bg5 66. Be5 Bf6 67. Bd6 Ne6 68. Bd7 Nd4+ 69. Kg3 h4+ 70. Kh3 Nf3 71. Bf4 Bg5 72. Bc7 Ng1+ 73. Kg2 Ne2 74. Be8+ Kg7 75. Bd7 Kf6 76. Bd8+ Kg6 77. Be8+ Kh6 78. Bc7 Bf6 79. Bb5 Nc3 80. Bc4 Kg5 81. Kf3 Ne4 82. Bf7 Nd2+ 83. Ke2 Bc3 84. Bd8+ Kg4 85. Bd5 h3 86. Bb6 Ne4 87. Bxe4 fxe4 88. Kf2 Be1+ 89. Kg1 Bg3 90. Kh1 Kf3 91. Bc5 Bf2 92. Bb4 e3 93. Kh2 Kg4 94. Bc5 Bg3+ 95. Kg1 e2 96. Bb4 Kf3 97. Ba5 Ke3 {[%emt 0:02:35] Kf1} 0-1

[Event "African-ch Open 2019"]
[Site "Hammamet"]
[Date "2019.07.17"]
[Round "9.4"]
[White "Zaibi, Amir"]
[Black "Arab, Adlane"]
[Result "0-1"]
[ECO "E08"]
[WhiteElo "2378"]
[BlackElo "2479"]
[Annotator "ChessBase"]
[PlyCount "111"]
[EventDate "2019.07.09"]
[EventType "swiss"]
[EventCountry "TUN"]
[SourceTitle "playchess.com"]
[Source "ChessBase"]
[SourceQuality "1"]
[TimeControl "5400+30"]

1. d4 Nf6 2. Nf3 e6 3. c4 d5 4. g3 Bb4+ 5. Bd2 Be7 6. Bg2 O-O 7. O-O Nbd7 8. Qc2 c6 9. Rd1 b6 10. cxd5 cxd5 11. Nc3 Bb7 12. Bf4 Rc8 13. Qb3 a6 14. a4 Ne4 15. Rac1 Nd6 16. Qa2 Nf6 17. Ne5 h6 18. Nd3 Nf5 19. Be5 Nd7 20. Bh3 Nxe5 21. Nxe5 Nd6 22. e3 Nc4 23. Nxc4 Rxc4 24. Bf1 Rc7 25. Ne2 Bd6 26. Qb3 Rxc1 27. Rxc1 g5 28. Qd1 Kg7 29. Rc2 Qd7 30. b3 Qe7 31. f4 f6 32. g4 f5 33. Ng3 gxf4 34. exf4 Kh8 35. gxf5 exf5 36. Re2 Qh4 37. Re6 Bxf4 38. Qh5 Qg5 39. Qxg5 hxg5 40. Nh5 Bd2 41. Rh6+ Kg8 42. Rg6+ Kh7 43. Rxb6 Be3+ 44. Kg2 Ba8 45. Rxa6 Bxd4 46. Bd3 Bb7 47. Rd6 Bc8 48. a5 Kg8 49. a6 f4 50. Rxd5 f3+ 51. Kg3 Be3 52. Re5 Bd2 53. Kf2 Kh8 54. a7 Bb7 55. Rb5 Ba8 56. Rb8 0-1

[Event "African-ch Open 2019"]
[Site "Hammamet"]
[Date "2019.07.17"]
[Round "9.5"]
[White "Elarabi, Abobker Mohamed"]
[Black "Balogun, Oluwafemi"]
[Result "1-0"]
[ECO "E62"]
[WhiteElo "2312"]
[BlackElo "2279"]
[Annotator "NA"]
[PlyCount "83"]
[EventDate "2019.07.09"]
[EventType "swiss"]
[EventCountry "TUN"]
[SourceTitle "playchess.com"]
[Source "ChessBase"]
[SourceQuality "1"]
[TimeControl "5400+30"]

1. d4 Nf6 2. Nf3 g6 3. g3 Bg7 4. Bg2 c6 5. O-O O-O 6. c4 d6 7. Nc3 Qa5 8. h3 e5 9. dxe5 dxe5 10. a3 Rd8 11. Qc2 Bf5 12. e4 Be6 13. b4 Qc7 14. c5 b6 15. Be3 bxc5 16. Bxc5 Nbd7 17. Be3 Nb6 18. Nd2 Qd7 19. Kh2 Qd3 20. Qb2 Nc4 21. Nxc4 Qxc4 22. Rfc1 Qb3 23. Qxb3 Bxb3 24. Bf1 Nd7 25. Rab1 Be6 26. Na4 a5 27. Nb6 Nxb6 28. Bxb6 Rd2 29. bxa5 c5 30. Bxc5 Bf8 31. Be3 Ra2 32. a6 Bxa3 33. Rc6 Bb2 34. a7 Kg7 35. Rc2 Bd4 36. Rxa2 Bxa2 37. Rb7 Kf6 38. Bb5 Ke6 39. Rd7 Bxe3 40. fxe3 Bb1 41. Bc6 Rc8 42. Rd1 1-0